 Dungeon Crawl Stone Soup version 0.30-a0-618-gd6c86c23d0 (webtiles) character file.

Game seed: 16416852588531890137

5936 funkygono the Thaumaturge (level 10, -6/52 HPs)
             Began as a Deep Elf Fire Elementalist on Jan 9, 2023.
             Was a Believer of Sif Muna.
             Mangled by an ancient lich (16 damage)
             ... on level 2 of the Abyss.
             The game lasted 00:13:50 (9699 turns).

funkygono the Thaumaturge (DEFE)                    Turns: 9699, Time: 00:13:51

Health: -6/52      AC:  6    Str:  8    XL:     10   Next: 54%
Magic:  12/29      EV: 13    Int: 31    God:    Sif Muna [**....]
Gold:   483        SH:  0    Dex: 15    Spells: 26/36 levels left

rFire   . . .      SeeInvis .    r - +2 dagger (protect)
rCold   . . .      Faith    .    (no shield)
rNeg    + . .      Spirit   .    a - +0 robe
rPois   +          Reflect  .    o - +1 helmet
rElec   .          Harm     .    u - +0 cloak
rCorr   .          Rampage  .    (no gloves)
Will    +....                    l - +0 pair of boots
Stlth   ++                       (no amulet)
HPRegen 0.28/turn                v - ring of poison resistance
MPRegen 0.21/turn                c - ring "Koredd" {rPois rN+ Str+3 Int+6}

@: no status effects
A: no striking features
a: Renounce Religion, Channel Magic


You were on level 2 of the Abyss.
You worshipped Sif Muna.
Sif Muna was pleased with you.
You visited 2 branches of the dungeon, and saw 10 of its levels.
You visited the Abyss 1 time.
You also visited: Ossuary.

You collected 483 gold pieces.

Inventory:

Hand Weapons
 e - a +0 short sword of protection
 k - the +3 dagger of Gin and Tonic {chaos, *Rage rN+ rCorr}
   (You found it on level 2 of the Dungeon)

   rN:        It protects you from negative energy.
   *Rage:     It berserks you when you make melee attacks (+20% chance).
   rCorr:     It protects you from acid and corrosion.
 r - a +2 dagger of protection (weapon)
 B - a +2 quarterstaff of chaos
 E - a +3 scimitar of flaming
 F - the +10 dire flail "Doul" {pain, rPois Str+6 Int-2 Dex+4}
   (You found it on level 8 of the Dungeon)

   Str:       It affects your strength (+6).
   Int:       It affects your intelligence (-2).
   Dex:       It affects your dexterity (+4).
   rPois:     It protects you from poison.
Armour
 a - a +0 robe (worn)
 l - a +0 pair of boots (worn)
 o - a +1 helmet (worn)
 t - a scarf of invisibility
 u - a +0 cloak (worn)
Magical Staves
 z - a staff of poison
 G - a staff of conjuration
Jewellery
 c - the ring "Koredd" (right hand) {rPois rN+ Str+3 Int+6}
   (You found it on level 4 of the Dungeon)

   [ring of intelligence]

   Str:       It affects your strength (+3).
   Int:       It affects your intelligence (+6).
   rPois:     It protects you from poison.
   rN:        It protects you from negative energy.
 v - a ring of poison resistance (left hand)
 y - an amulet of faith
Wands
 q - a wand of charming (23)
 D - a wand of roots (4)
Scrolls
 i - 6 scrolls of amnesia
 j - 2 scrolls of teleportation
 n - a scroll of vulnerability
 x - 2 scrolls of magic mapping
 C - a scroll of brand weapon
 H - a scroll of blinking
 I - a scroll of fear
Potions
 b - a potion of magic
 d - 6 potions of might
 f - a potion of lignification
 g - 3 potions of ambrosia
 h - 4 potions of attraction
 m - 2 potions of mutation
 p - a potion of flight {unknown}
 s - 6 potions of curing
 w - 2 potions of haste
 A - 2 potions of heal wounds


   Skills:
 + Level 1.1 Fighting
 + Level 0.4 Short Blades
 + Level 3.6 Dodging
 - Level 2.4 Stealth
 + Level 13.6 Spellcasting
 + Level 7.9 Conjurations
 + Level 10.7 Fire Magic


You had 26 spell levels left.
You knew the following spells:

 Your Spells              Type           Power      Damage    Failure   Level
a - Foxfire               Conj/Fire      100%       2x1d9     1%          1
b - Scorch                Fire           100%       2d10      1%          2
c - Kindle Blastsparks    Fire/Tloc/Air  86%        2d17      1%          3
d - Flame Wave            Conj/Fire      68%        2d15      1%          4

Your spell library contained the following spells:

 Spells                   Type           Power      Damage    Failure   Level
 Inner Flame              Hex/Fire       53%        N/A       1%          3
 Frozen Ramparts          Ice            42%        1d7       7%          3
 Gell's Gravitas          Tloc           21%        N/A       7%          3
 Lesser Beckoning         Tloc           42%        N/A       7%          3
 Teleport Other           Tloc           21%        N/A       7%          3
 Ice Form                 Ice/Tmut       21%        N/A       22%         4
 Summon Ice Beast         Ice/Summ       21%        N/A       22%         4


Dungeon Overview and Level Annotations

Branches:
Dungeon (9/15)             Temple (1/1) D:6             Orc (0/2) D:9
Ossuary (visited)
   Lair: D:8-11

Altars:
Ashenzari
Cheibriados
Dithmenos
Elyvilon
Fedhas
Gozag
Hepliaklqana
Kikubaaqudgha
Makhleb
Nemelex Xobeh
Okawaru
Qazlal
Ru
Sif Muna
Trog
Uskayaw
Wu Jian
Xom
Yredelemnul
Zin
The Shining One

Shops:
D:5 ?   D:8 *

Annotations:
D:9 Erolcha


Message History

An ancient lich comes into view.
Your foxfire dissipates! x2
An ancient lich is nearby!
An ancient lich is nearby!
Casting: Scorch (safe; 1% risk of failure)
Confirm with . or Enter, or press ? or * to list all spells.
You conjure some foxfire!
The ancient lich shouts!
Casting: Foxfire (safe; 1% risk of failure)
Confirm with . or Enter, or press ? or * to list all spells.
You conjure some foxfire!
The ancient lich gestures wildly while chanting.
The ancient lich flickers and vanishes!
Deactivating autopickup; reactivate with Ctrl-A.
The foxfire hits something but does no damage.
Casting: Foxfire (safe; 1% risk of failure)
Confirm with . or Enter, or press ? or * to list all spells.
You conjure some foxfire!
The foxfire hits something but does no damage.
Casting: Foxfire (safe; 1% risk of failure)
Confirm with . or Enter, or press ? or * to list all spells.
You conjure some foxfire!
The foxfire hits something.
The foxfire hits something but does no damage.
Casting: Foxfire (safe; 1% risk of failure)
Confirm with . or Enter, or press ? or * to list all spells.
You conjure some foxfire!
The foxfire hits something.
The foxfire hits something but does no damage. x2
The foxfire hits something.
Casting: Foxfire (safe; 1% risk of failure)
Confirm with . or Enter, or press ? or * to list all spells.
You conjure some foxfire!
The foxfire hits something but does no damage. x2
Okay, then.
Unknown command.
The foxfire hits something. x2
You hear some strange, mumbled words.
Something touches you!
* * * LOW HITPOINT WARNING * * *
Something touches you!
You die...

. . .. ## ## .. .#
# . . .#.#.# ..
.####.....# . . ..
# ..#..@.#.. .. ..#
# .#.#......# ...
#### ##..#.#..... #
#. #...§#.##...
......#.#....#..##.
.. .. ........#..#
.. . §. .
.#........# .# . .
. #.....# . .. . ..
........# .###


There were no monsters in sight!

Vanquished Creatures
  Erica (D:8)
  Amaemon (D:8)
  A large abomination (Abyss:2)
  An orange demon (D:8)
  Prince Ribbit (D:5)
  A shadow (D:9)
  A wraith (Ossuary)
  Eustachio (D:5)
  3 steam dragons
  A two-headed ogre zombie (D:9)
  Duvessa (D:5)
  A black bear (D:6)
  An ice beast (D:6)
  A sky beast (D:7)
  2 ogres
  5 centaurs
  An elf zombie (Ossuary)
  2 phantoms (D:9)
  3 bullfrogs
  A necrophage (D:5)
  A gnoll sergeant (D:8)
  4 scorpions
  3 wights (D:9)
  Dowan (D:5)
  A howler monkey (D:5)
  6 hounds
  2 orc priests (D:3)
  Crazy Yiuf (D:4)
  A jelly (D:5)
  Jessica (D:2)
  3 iguanas (D:7)
  8 orc wizards
  7 ogre zombies (D:9)
  4 mummies
  15 gnolls
  5 adders
  A white imp (D:8)
  3 ufetubi
  A dart slug (D:2)
  35 orcs
  4 ball pythons
  6 endoplasms
  9 giant cockroaches
  7 goblins
  8 hobgoblins
  10 kobolds
  4 quokkas
  3 bats
  3 frilled lizards
  2 goblin skeletons (D:9)
  A goblin zombie (D:9)
  2 hobgoblin skeletons (D:9)
  9 hobgoblin zombies
  3 kobold zombies (Ossuary)
  3 orc skeletons (D:9)
  15 orc zombies (D:9)
  2 rats (D:2)
224 creatures vanquished.

Vanquished Creatures (collateral kills)
  A foxfire (D:8)
1 creature vanquished.

Vanquished Creatures (others)
  818 foxfires
  5 fungi (D:5)
823 creatures vanquished.

Grand Total: 1048 creatures vanquished

Notes
Turn   | Place    | Note
-------+----------+-------------------------------------------
     0 | D:1      | funkygono the Deep Elf Fire Elementalist began the quest
                  | for the Orb.
     0 | D:1      | Reached XP level 1. HP: 10/10 MP: 6/6
   362 | D:1      | Reached XP level 2. HP: 14/15 MP: 5/8
   365 | D:1      | Learned a level 2 spell: Scorch
  1022 | D:2      | Identified the +3 dagger of Gin and Tonic {chaos, *Rage rN+
                  | rCorr}
  1265 | D:2      | Reached XP level 3. HP: 19/19 MP: 2/10
  1420 | D:2      | Learned a level 3 spell: Kindle Blastsparks
  1445 | D:2      | Noticed Jessica
  1448 | D:2      | Killed Jessica
  1496 | D:2      | Found a faded altar of an unknown god.
  1538 | D:2      | Reached skill level 4 in Spellcasting
  1698 | D:2      | Reached XP level 4. HP: 24/24 MP: 8/12
  1703 | D:2      | Learned a level 4 spell: Flame Wave
  1726 | D:2      | Found a shadowy altar of Dithmenos.
  2399 | D:3      | Reached XP level 5. HP: 28/28 MP: 10/13
  2525 | D:3      | Reached skill level 5 in Spellcasting
  2900 | D:4      | Identified the ring "Koredd" {rPois rN+ Str+3 Int+6}
  2974 | D:4      | Reached skill level 5 in Fire Magic
  2974 | D:4      | Reached XP level 6. HP: 32/32 MP: 7/16
  3046 | D:3      | Reached skill level 6 in Spellcasting
  3174 | D:4      | Found a sand-covered staircase.
  3182 | Ossuary  | Entered an ossuary
  3182 | Ossuary  | Noticed a wraith
  3182 | Ossuary  | Noticed a wraith
  3182 | Ossuary  | Noticed a wraith
  3540 | Ossuary  | Noticed a wraith
  3549 | Ossuary  | Killed a wraith
  3550 | Ossuary  | Reached skill level 7 in Spellcasting
  3550 | Ossuary  | Reached XP level 7. HP: 28/37 MP: 8/19
  4379 | D:4      | Identified the +4 dagger of Koumuoj Ovau {drain, Int+2}
  4505 | D:4      | Found a runed translucent door.
  4506 | D:4      | Noticed Crazy Yiuf
  5239 | D:4      | Killed Crazy Yiuf
  5339 | D:5      | Entered Level 5 of the Dungeon
  5348 | D:5      | Noticed Eustachio
  5354 | D:5      | Killed Eustachio
  5355 | D:5      | Reached skill level 8 in Spellcasting
  5355 | D:5      | Reached XP level 8. HP: 42/42 MP: 14/22
  5746 | D:5      | Found Guogooff's Magic Scroll Shoppe.
  5782 | D:5      | Reached skill level 9 in Spellcasting
  5864 | D:5      | Found a basalt altar of Yredelemnul.
  5875 | D:5      | Reached skill level 5 in Conjurations
  6034 | D:5      | Noticed Prince Ribbit
  6038 | D:5      | Killed Prince Ribbit
  6105 | D:5      | Found a bloodstained altar of Trog.
  6327 | D:5      | Reached skill level 10 in Spellcasting
  6332 | D:5      | Noticed Duvessa
  6340 | D:5      | Killed Duvessa
  6340 | D:5      | Noticed Dowan
  6341 | D:5      | Reached XP level 9. HP: 31/46 MP: 6/25
  6348 | D:5      | Killed Dowan
  6922 | D:6      | Found a staircase to the Ecumenical Temple.
  6931 | Temple   | Entered the Ecumenical Temple
  6938 | Temple   | Became a worshipper of Sif Muna the Loreminder
  7051 | D:6      | Found a burning altar of Makhleb.
  7528 | D:7      | Reached skill level 11 in Spellcasting
  7954 | D:7      | Found a shimmering altar of Xom.
  7954 | D:7      | Found a blossoming altar of Fedhas.
  7961 | D:7      | Found a faded altar of an unknown god.
  7963 | D:7      | Found a faded altar of an unknown god.
  7965 | D:7      | Found a snail-covered altar of Cheibriados.
  8612 | D:8      | Noticed Erica
  8623 | D:8      | Killed Erica
  8624 | D:8      | Reached skill level 12 in Spellcasting
  8728 | D:8      | Identified the +10 dire flail "Doul" {pain, rPois Str+6
                  | Int-2 Dex+4}
  8828 | D:8      | Noticed an orange demon
  8832 | D:8      | Noticed Amaemon
  8838 | D:8      | Killed an orange demon
  8839 | D:8      | Reached skill level 1 in Fighting
  8839 | D:8      | Reached XP level 10. HP: 46/52 MP: 15/28
  8841 | D:8      | Killed Amaemon
  8842 | D:8      | Reached skill level 10 in Fire Magic
  8975 | D:8      | Reached * piety under Sif Muna
  9146 | D:8      | Reached skill level 13 in Spellcasting
  9266 | D:8      | Found Qisoyripp's Wicked Wares.
  9501 | D:9      | Found a staircase to the Orcish Mines.
  9505 | D:9      | Noticed Erolcha
  9515 | D:9      | Reached ** piety under Sif Muna
  9520 | Abyss:1  | Cast into level 1 of the Abyss (Erolcha)
  9585 | Abyss:1  | Noticed a starcursed mass
  9597 | Abyss:1  | Noticed a smoke demon
  9658 | Abyss:2  | Noticed a large abomination
  9670 | Abyss:2  | Killed a large abomination
  9671 | Abyss:2  | Noticed an ancient lich
  9699 | Abyss:2  | Mangled by an ancient lich

Illustrated notes

Levels and vault maps discovered:
D:1:      roderic_dead_forest, layout_basic, roderic_serpentine_path
D:2:      layout_rooms, nicolae_ecumenical_lake_church, basic_altar,
          dreamdust_wishing_well, minmay_misc_feat_encased, bh_walls_and_bars,
          uniq_jessica
D:3:      layout_basic, minmay_goblin_kobold_house
D:4:      layout_cave_pools, gup_ossuary_entry_pyramid, serial_co_window_serial,
          co_window_paths_a, co_window_corner_a, co_window_of_opportunity_a,
          co_window_cross_1, co_window_paths_a, co_window_of_opportunity_a,
          co_window_paths_c, co_window_corner_ca, co_window_unsneaky_path_a,
          co_window_2corner, co_window_corner_b, co_window_of_opportunity_b,
          co_window_paths_d, co_window_4corner_b, glass_columns_b,
          glass_columns_c, portal_sewer_entry_f, uniq_crazy_yiuf_cottage
D:5:      layout_rooms, trog_hazing_becter, mainiacjoe_overflow_paths,
          serial_shops, shop, dreamdust_gnoll_farm, uniq_eustachio,
          uniq_duvessa, uniq_prince_ribbit1
D:6:      layout_basic, mainiacjoe_overflow_small_starburst,
          minmay_temple_entry_grid
D:7:      layout_gridville, chequers_temple_overflow_minitemple,
          minmay_tree_intersection
D:8:      layout_cave_pools, hangedman_abyss_or_decor_stabs, nicolae_evil_shop,
          uniq_erica, uniq_amaemon
D:9:      layout_roguey, nicolae_vehumet_radiance, zombieorc2_lemuel,
          uniq_erolcha
Temple:   hellmonk_temple_two_chambers
Abyss:2:  base: D:4, spicy_abyss_helpful_harpoons

Skill      XL: |  1  2  3  4  5  6  7  8  9 10 |
---------------+-------------------------------+-----
Fire Magic     | 4 5 6 8 9 10 | 10.7
Spellcasting   | 4 5 7 8 10 12 13 | 13.6
Conjurations   | 2 3 4 5 7 |  7.9
Dodging        | 3 |  3.6
Fighting       | 1 |  1.1
Short Blades   | |  0.4
Stealth        | |  2.4

Action                   |  1- 3 |  4- 6 |  7- 9 | 10-12 || total
-------------------------+-------+-------+-------+-------++-------
Melee: Short sword       |     1 |       |       |       ||     1
       Dagger            |       |     7 |     1 |       ||     8
 Cast: Foxfire           |    52 |   112 |   259 |    46 ||   469
       Scorch            |     4 |    21 |    44 |     8 ||    77
       Flame Wave        |       |       |     2 |     5 ||     7
  Use: Scroll            |       |    10 |    10 |       ||    20
       Potion            |       |       |     1 |       ||     1
Armor: Robe              |     4 |     6 |     9 |     2 ||    21
Dodge: Dodged            |    10 |    18 |    46 |    14 ||    88

Table legend: (Time is in decaauts)
 A = Elapsed time spent in this place.
 B = Non-inter-level travel time spent in this place.
 C = Inter-level travel time spent in this place.
 D = Time resting spent in this place.
 E = Time spent auto-exploring this place.
 F = Levels seen in this place.
 G = Mean time per level.
                   A        B        C        D        E       F      G
               +--------+--------+--------+--------+--------+-----+--------+
         Total |   9707 |   9483 |    224 |    257 |   7911 |  13 |  746.7 |
       Dungeon |   8712 |   8493 |    219 |    257 |   7114 |   9 |  968.0 |
        Temple |     21 |     16 |      5 |      0 |      8 |   1 |   21.0 |
         Abyss |    178 |    178 |      0 |      0 |    127 |   2 |   89.0 |
       Ossuary |    794 |    794 |      0 |      0 |    662 |   1 |  794.0 |
               +--------+--------+--------+--------+--------+-----+--------+

Top non-repeatable levels by time:
     D:4: 1552 daAuts
     D:5: 1437 daAuts
     D:2: 1176 daAuts
     D:7: 1174 daAuts
     D:1: 980 daAuts
     D:8: 889 daAuts
     D:3: 845 daAuts
 Ossuary: 794 daAuts
     D:6: 637 daAuts
 Abyss:2: 93 daAuts
 Abyss:1: 84 daAuts
  Temple: 21 daAuts
     D:9: 18 daAuts
